 Dungeon Crawl Stone Soup version 0.23.2-1-ga50397a6bc (webtiles) character file.

Game seed: 15163788072030790992

18 Mrkan the Fighter (level 2, -2/33 HPs)
             Began as a Gnoll Wanderer on May 13, 2019.
             Slain by a bullfrog (8 damage)
             ... on level 2 of the Dungeon.
             The game lasted 00:04:27 (1120 turns).

Mrkan the Fighter (Gnoll Wanderer)                  Turns: 1120, Time: 00:04:27

Health: -2/33      AC:  2    Str: 13    XL:     2   Next: 66%
Magic:  7/7        EV: 13    Int: 14    God:
Gold:   93         SH:  0    Dex: 15    Spells: 9/10 levels left

rFire    . . .     SeeInvis .   a - +2 spear
rCold    . . .     Gourm    .   (no shield)
rNeg     . . .     Faith    .   d - +0 robe
rPois    .         Spirit   .   (no helmet)
rElec    .         Reflect  .   (no cloak)
rCorr    .         Harm     .   (no gloves)
MR       .....                  (no boots)
Stlth    ++........             (no amulet)
HPRegen  0.11/turn              (no ring)
MPRegen  0.10/turn              (no ring)

@: no status effects
A: distributed training, fangs 1, strong nose
a: no special abilities


You were on level 2 of the Dungeon.
You were hungry.

You visited 1 branch of the dungeon, and saw 2 of its levels.

You collected 93 gold pieces.

Inventory:

Hand Weapons
 a - a +2 spear (weapon)
Armour
 d - a +0 robe (worn)
 k - a +0 cloak
Scrolls
 c - a scroll of remove curse
 e - a scroll of enchant armour {unknown}
 h - a scroll of fog {unknown}
 j - a scroll of identify {unknown}
Potions
 b - 2 potions of degeneration {unknown}
 g - a potion of magic {unknown}
 i - a potion of lignification {unknown}
Comestibles
 f - 2 rations


   Skills:
 + Level 8.5 Fighting
 + Level 0.5 Short Blades
 + Level 0.5 Long Blades
 + Level 0.5 Axes
 + Level 0.5 Maces & Flails
 + Level 0.5 Polearms
 + Level 0.5 Staves
 + Level 0.5 Slings
 + Level 0.5 Bows
 + Level 0.5 Crossbows
 + Level 2.5 Throwing
 + Level 0.5 Armour
 + Level 2.5 Dodging
 + Level 0.5 Stealth
 + Level 2.5 Shields
 + Level 0.5 Unarmed Combat
 + Level 4.9 Spellcasting
 + Level 0.3 Conjurations
 + Level 0.3 Hexes
 + Level 0.3 Charms
 + Level 0.3 Summonings
 + Level 0.3 Necromancy
 + Level 0.3 Translocations
 + Level 0.3 Transmutations
 + Level 0.3 Fire Magic
 + Level 0.3 Ice Magic
 + Level 0.3 Air Magic
 + Level 0.3 Earth Magic
 + Level 2.0 Poison Magic
 + Level 0.6 Invocations
 + Level 0.5 Evocations


You had 9 spell levels left.
You knew the following spells:

 Your Spells              Type           Power        Failure   Level  Hunger
a - Sting                 Conj/Pois      #...         11%         1    None

Your spell library contained the following spells:

 Spells                   Type           Power        Failure   Level  Hunger
 Pain                     Necr           #...         16%         1    None
 Ignite Poison            Fire/Tmut/Pois #.......     36%         3    ###....
 Vampiric Draining        Necr           #.........   41%         3    ###....


Dungeon Overview and Level Annotations

Branches:
Dungeon (2/15)

Altars:
Qazlal


Innate Abilities, Weirdness & Mutations

Your experience applies equally to all skills.
You have very sharp teeth.
Your uncanny sense of smell can sniff out nearby items.


Message History

The bullfrog is moderately wounded.
The bullfrog barely misses you.
You hit the bullfrog.
The bullfrog is heavily wounded.
A bat comes into view.
The bullfrog hits you! The ooze misses you. The bullfrog hits you.
You hit the bullfrog.
The bullfrog is heavily wounded.
The bullfrog hits you. The ooze hits you.
You hit the ooze.
The ooze is moderately wounded.
The bullfrog hits you but does no damage.
The bat barely misses you. The ooze barely misses you. The bullfrog hits you.
* * * LOW HITPOINT WARNING * * *
The ooze closely misses you. The bat closely misses you.
The bat closely misses you. The bullfrog closely misses you. The bat hits you.
* * * LOW HITPOINT WARNING * * *
The bullfrog hits you!
You die...

........# .....
#.#.....##.....
#...#..........
#.............
#..........[.. #.......#
....#....##.....#
#####.FJ.##.....#######
.......@b##............
###......##............
+...#.###............
###...#.# #............
....###'###............
.........##............#
.........##...#...§^.^..
(........##...#.§§≈##...
..............#.§^##≈^.≈


You could see a bullfrog, an ooze and a bat.

Vanquished Creatures
  A dart slug (D:1)
  A ball python (D:1)
  3 giant cockroaches (D:1)
  2 goblins (D:1)
  A hobgoblin (D:1)
  2 kobolds (D:1)
  A bat (D:1)
  2 frilled lizards (D:1)
  2 rats (D:1)
15 creatures vanquished.

Notes
Turn   | Place    | Note
-------+----------+-------------------------------------------
     0 | D:1      | Mrkan the Gnoll Wanderer began the quest for the Orb.
     0 | D:1      | Mrkan set off with the following items: a +2 spear, a +0
                  | robe, a ration; and the following spells available to
                  | memorise: Sting, Pain, Ignite Poison, Vampiric Draining
     0 | D:1      | Reached XP level 1. HP: 26/26 MP: 6/6
    86 | D:1      | Learned a level 1 spell: Sting
   219 | D:1      | Reached XP level 2. HP: 32/33 MP: 7/7
  1073 | D:2      | Found a stormy altar of Qazlal.
  1111 | D:2      | Noticed a bullfrog
  1120 | D:2      | Slain by a bullfrog

Skill      XL: |  1 |
---------------+----+-----
Poison Magic   | 2 |  2.0
Fighting       | |  8.5
Short Blades   | |  0.5
Long Blades    | |  0.5
Axes           | |  0.5
Maces & Flails | |  0.5
Polearms       | |  0.5
Staves         | |  0.5
Slings         | |  0.5
Bows           | |  0.5
Crossbows      | |  0.5
Throwing       | |  2.5
Armour         | |  0.5
Dodging        | |  2.5
Stealth        | |  0.5
Shields        | |  2.5
Unarmed Combat | |  0.5
Spellcasting   | |  4.9
Conjurations   | |  0.3
Hexes          | |  0.3
Charms         | |  0.3
Summonings     | |  0.3
Necromancy     | |  0.3
Translocations | |  0.3
Transmutations | |  0.3
Fire Magic     | |  0.3
Ice Magic      | |  0.3
Air Magic      | |  0.3
Earth Magic    | |  0.3
Invocations    | |  0.6
Evocations     | |  0.5

Action                   || total
-------------------------++-------
Melee: Spear             ||    36
       Bite              ||     2
 Cast: Sting             ||     9
  Use: Scroll            ||     1
 Stab: Sleeping          ||     1
Armor: Robe              ||     9
Dodge: Dodged            ||    27
